| TOP OF THE 1ST |
|
Los Angeles (NYP) Angels batting - Pitching for Tri-City ValleyCats : LHP Jason Mitchell
|
|
Pitching: LHP Jason Mitchell
|
|
|
Batting: RHB Joe Hewitt
|
0-0: Ball 1-0: Called Strike 1-1: Foul Ball, location: 2F 1-2: Strikes out swinging
|
|
Batting: RHB Arnaud Derosiers
|
0-0: Ball 1-0: Foul Ball, location: 2F 1-1: Ball 2-1: DOUBLE (Line Drive, 89XD, EV 105.0 MPH)
|
|
Batting: RHB Dean LeCroy
|
0-0: Hit by Pitch
|
|
Batting: RHB Dan Burkhart
|
0-0: Ball 1-0: Called Strike 1-1: Swinging Strike 1-2: Strikes out swinging
|
|
Batting: RHB Aaron Bryant
|
0-0: Ball Wild Pitch! Arnaud Derosiers to third Dean LeCroy to second 1-0: Ground out 5-3 (Groundball, 5, EV 88.8 MPH)
|
| Top of the 1st over - 0 runs, 1 hit, 0 errors, 2 left on base; Los Angeles (NYP) 0 - Tri-City 0 |
| BOTTOM OF THE 1ST |
|
Tri-City ValleyCats batting - Pitching for Los Angeles (NYP) Angels : LHP Si-hun Yi
|
|
Pitching: LHP Si-hun Yi
|
|
|
Batting: RHB Patrick Pinault
|
0-0: Foul Ball, location: 2F 0-1: Ball 1-1: Ball 2-1: Fly out, F7 (Flyball, 7LM, EV 98.1 MPH)
|
|
Batting: RHB Omar Amaya
|
0-0: SINGLE (Groundball, 6S, EV 64.4 MPH) (infield hit)
|
|
Batting: LHB Wade Girard
|
0-0: Ball Omar Amaya steals 2nd base 1-0: Ball 2-0: Fly out, F4 (Line Drive, 4, EV 70.6 MPH)
|
|
Batting: RHB Josh Broome
|
0-0: Reached on error, E4 (Groundball, 4S, EV 87.5 MPH) Omar Amaya scores
|
|
Batting: RHB Roger Pelley
|
0-0: Called Strike 0-1: Foul Ball, location: 2F 0-2: Strikes out looking
|
| Bottom of the 1st over - 1 run, 1 hit, 1 error, 1 left on base; Los Angeles (NYP) 0 - Tri-City 1 |
| TOP OF THE 2ND |
|
Los Angeles (NYP) Angels batting - Pitching for Tri-City ValleyCats : LHP Jason Mitchell
|
|
Batting: LHB Bill Girton
|
0-0: Swinging Strike 0-1: Swinging Strike 0-2: Ball 1-2: Strikes out looking
|
|
Batting: RHB Wilford Harper
|
0-0: Ball 1-0: Called Strike 1-1: Ball 2-1: Fly out, F8 (Flyball, 8RXD, EV 83.8 MPH)
|
|
Batting: SHB Yuya Hirata
|
0-0: Ball 1-0: Ball 2-0: Foul Ball, location: 2F 2-1: Called Strike 2-2: Foul Ball, location: 2F 2-2: Ball 3-2: Foul Ball, location: 2F 3-2: SOLO HOME RUN (Flyball, 9D, EV 100.6 MPH), Distance : 369 ft
|
|
Batting: RHB Ron Major
|
0-0: Called Strike 0-1: Ball 1-1: Swinging Strike 1-2: Strikes out swinging
|
| Top of the 2nd over - 1 run, 1 hit, 0 errors, 0 left on base; Los Angeles (NYP) 1 - Tri-City 1 |
| BOTTOM OF THE 2ND |
|
Tri-City ValleyCats batting - Pitching for Los Angeles (NYP) Angels : LHP Si-hun Yi
|
|
Batting: RHB Hugo Priego
|
0-0: Ball 1-0: Swinging Strike 1-1: Foul Ball, location: 2F 1-2: Ball 2-2: Foul Ball, location: 2F 2-2: Foul Ball, location: 2F 2-2: Foul Ball, location: 2F 2-2: Ground out 5-3 (Groundball, 5L, EV 88.8 MPH)
|
|
Batting: SHB Terciero Ortiz
|
0-0: Ball 1-0: Foul Ball, location: 2F 1-1: Ball 2-1: Fly out, F9 (Line Drive, 89M, EV 87.5 MPH)
|
|
Batting: LHB Lu-po-teh Zhou
|
0-0: Called Strike 0-1: Ball 1-1: Called Strike 1-2: Strikes out swinging
|
| Bottom of the 2nd over - 0 runs, 0 hits, 0 errors, 0 left on base; Los Angeles (NYP) 1 - Tri-City 1 |
| TOP OF THE 3RD |
|
Los Angeles (NYP) Angels batting - Pitching for Tri-City ValleyCats : LHP Jason Mitchell
|
|
Batting: RHB Joe Hewitt
|
0-0: Ball 1-0: Foul Ball, location: 2F 1-1: Foul Ball, location: 2F 1-2: Ball 2-2: Ball 3-2: Base on Balls
|
|
Batting: RHB Arnaud Derosiers
|
0-0: Swinging Strike 0-1: Swinging Strike 0-2: Strikes out swinging
|
|
Batting: RHB Dean LeCroy
|
0-0: Hit by Pitch Joe Hewitt to second
|
|
Batting: RHB Dan Burkhart
|
0-0: Ball 1-0: Foul Ball, location: 2F 1-1: Swinging Strike 1-2: Strikes out looking
|
|
Batting: RHB Aaron Bryant
|
0-0: Called Strike 0-1: Called Strike 0-2: Strikes out looking
|
| Top of the 3rd over - 0 runs, 0 hits, 0 errors, 2 left on base; Los Angeles (NYP) 1 - Tri-City 1 |
| BOTTOM OF THE 3RD |
|
Tri-City ValleyCats batting - Pitching for Los Angeles (NYP) Angels : LHP Si-hun Yi
|
|
Batting: RHB Mike Brisbin
|
0-0: Called Strike 0-1: Foul Ball, location: 2F 0-2: Strikes out swinging
|
|
Batting: RHB Patrick Pinault
|
0-0: Called Strike 0-1: Ball 1-1: Foul Ball, location: 2F 1-2: Ball 2-2: Strikes out swinging
|
|
Batting: RHB Omar Amaya
|
0-0: Ball 1-0: Ground out 6-3 (Groundball, 6MD, EV 83.8 MPH)
|
| Bottom of the 3rd over - 0 runs, 0 hits, 0 errors, 0 left on base; Los Angeles (NYP) 1 - Tri-City 1 |
| TOP OF THE 4TH |
|
Los Angeles (NYP) Angels batting - Pitching for Tri-City ValleyCats : LHP Jason Mitchell
|
|
Batting: LHB Bill Girton
|
0-0: Called Strike 0-1: Ball 1-1: Fly out, F5 (Popup, 5SF, EV 74.4 MPH)
|
|
Pitching: RHP Max Warburton
|
|
|
Batting: RHB Wilford Harper
|
0-0: Called Strike 0-1: Called Strike 0-2: Ball 1-2: Strikes out looking
|
|
Batting: SHB Yuya Hirata
|
0-0: Ball 1-0: Foul Ball, location: 2F 1-1: Ball 2-1: Ball 3-1: Called Strike 3-2: Foul Ball, location: 2F 3-2: Base on Balls
|
|
Batting: RHB Ron Major
|
0-0: Swinging Strike 0-1: Ball Yuya Hirata steals 2nd base 1-1: Foul Ball, location: 2F Balk! Yuya Hirata to third 1-2: Strikes out looking
|
| Top of the 4th over - 0 runs, 0 hits, 0 errors, 1 left on base; Los Angeles (NYP) 1 - Tri-City 1 |
| BOTTOM OF THE 4TH |
|
Tri-City ValleyCats batting - Pitching for Los Angeles (NYP) Angels : LHP Si-hun Yi
|
|
Batting: LHB Wade Girard
|
0-0: Ball 1-0: Swinging Strike 1-1: Foul Ball, location: 2F 1-2: Foul Ball, location: 2F 1-2: Strikes out swinging
|
|
Batting: RHB Josh Broome
|
0-0: Fly out, F7 (Flyball, 7D, EV 87.5 MPH)
|
|
Batting: RHB Roger Pelley
|
0-0: Ball 1-0: Ball 2-0: Ball 3-0: Base on Balls
|
|
Batting: RHB Hugo Priego
|
0-0: Foul Ball, location: 2F 0-1: Ball 1-1: Swinging Strike 1-2: Ball 2-2: TRIPLE (Line Drive, 89XD, EV 101.9 MPH) Roger Pelley scores
|
|
Batting: SHB Terciero Ortiz
|
0-0: Fly out, F9 (Flyball, 9, EV 85.0 MPH)
|
| Bottom of the 4th over - 1 run, 1 hit, 0 errors, 1 left on base; Los Angeles (NYP) 1 - Tri-City 2 |
| TOP OF THE 5TH |
|
Los Angeles (NYP) Angels batting - Pitching for Tri-City ValleyCats : RHP Max Warburton
|
|
Batting: RHB Joe Hewitt
|
0-0: Ground out U3 (Groundball, 34S, EV 81.9 MPH)
|
|
Batting: RHB Arnaud Derosiers
|
0-0: Called Strike 0-1: Foul Ball, location: 2F 0-2: SINGLE (Line Drive, 8LS, EV 91.9 MPH)
|
|
Batting: RHB Dean LeCroy
|
0-0: Ball 1-0: Reached on error, E6 (Groundball, 56, EV 101.2 MPH) Arnaud Derosiers to second
|
|
Batting: RHB Dan Burkhart
|
0-0: Foul Ball, location: 2F 0-1: Swinging Strike 0-2: Strikes out swinging
|
|
Batting: RHB Aaron Bryant
|
0-0: Ball 1-0: Ball 2-0: Ball 3-0: Called Strike 3-1: Base on Balls Arnaud Derosiers to third Dean LeCroy to second
|
|
Batting: LHB Bill Girton
|
0-0: Foul Ball, location: 2F 0-1: DOUBLE (Line Drive, 89D, EV 105.0 MPH) Arnaud Derosiers scores Dean LeCroy scores Aaron Bryant to third Runner from 3rd tries for Home, SAFE, throw by RF to trailing runner, OUT at third! 9-3-5
|
| Top of the 5th over - 3 runs, 2 hits, 1 error, 0 left on base; Los Angeles (NYP) 4 - Tri-City 2 |
| BOTTOM OF THE 5TH |
|
Tri-City ValleyCats batting - Pitching for Los Angeles (NYP) Angels : LHP Si-hun Yi
|
|
Batting: LHB Lu-po-teh Zhou
|
0-0: Ball 1-0: Swinging Strike 1-1: Called Strike 1-2: Foul Ball, location: 2F 1-2: Foul Ball, location: 2F 1-2: Ball 2-2: Strikes out swinging
|
|
Batting: RHB Mike Brisbin
|
0-0: Ball 1-0: Ground out 6-3 (Groundball, 6, EV 81.2 MPH)
|
|
Batting: RHB Patrick Pinault
|
0-0: SINGLE (Groundball, 56D, EV 101.2 MPH)
|
|
Batting: RHB Omar Amaya
|
0-0: Ball 1-0: Ball 2-0: Called Strike 2-1: Ball 3-1: Foul Ball, location: 2F 3-2: Fly out, F9 (Flyball, 9LM, EV 85.6 MPH)
|
| Bottom of the 5th over - 0 runs, 1 hit, 0 errors, 1 left on base; Los Angeles (NYP) 4 - Tri-City 2 |
| TOP OF THE 6TH |
|
Los Angeles (NYP) Angels batting - Pitching for Tri-City ValleyCats : RHP Max Warburton
|
|
Pitching: RHP Jeremy Mash
|
|
|
Batting: RHB Wilford Harper
|
0-0: Ball 1-0: Called Strike 1-1: Ball 2-1: Ground out 5-3 (Groundball, 5, EV 85.0 MPH)
|
|
Batting: SHB Yuya Hirata
|
0-0: Ball 1-0: Foul Ball, location: 2F 1-1: Ball 2-1: Foul Ball, location: 2F 2-2: Ball 3-2: DOUBLE (Flyball, 8LXD, EV 106.9 MPH)
|
|
Batting: RHB Ron Major
|
0-0: Ball 1-0: Ball 2-0: Ball 3-0: Called Strike 3-1: Foul Ball, location: 2F 3-2: Strikes out swinging
|
|
Batting: RHB Joe Hewitt
|
0-0: Called Strike 0-1: SINGLE (Line Drive, 78S, EV 91.2 MPH) Yuya Hirata to third Runner from 3rd tries for Home, throw by LF and OUT! 7-2
|
| Top of the 6th over - 0 runs, 2 hits, 0 errors, 1 left on base; Los Angeles (NYP) 4 - Tri-City 2 |
| BOTTOM OF THE 6TH |
|
Tri-City ValleyCats batting - Pitching for Los Angeles (NYP) Angels : LHP Si-hun Yi
|
|
Batting: LHB Wade Girard
|
0-0: Ground out 6-3 (Groundball, 56, EV 95.0 MPH)
|
|
Batting: RHB Josh Broome
|
0-0: Foul Ball, location: 2F 0-1: Ball 1-1: Ball 2-1: Swinging Strike 2-2: Strikes out swinging
|
|
Batting: RHB Roger Pelley
|
0-0: Ball 1-0: Ball 2-0: Ball 3-0: Swinging Strike 3-1: Ground out 6-3 (Groundball, 6, EV 102.5 MPH)
|
| Bottom of the 6th over - 0 runs, 0 hits, 0 errors, 0 left on base; Los Angeles (NYP) 4 - Tri-City 2 |
| TOP OF THE 7TH |
|
Los Angeles (NYP) Angels batting - Pitching for Tri-City ValleyCats : RHP Jeremy Mash
|
|
Batting: RHB Arnaud Derosiers
|
0-0: Foul Ball, location: 2F 0-1: Ball 1-1: SINGLE (Groundball, 4D, EV 96.2 MPH)
|
|
Batting: RHB Dean LeCroy
|
0-0: Ball 1-0: Ball Wild Pitch! Arnaud Derosiers to second 2-0: Ball Wild Pitch! Arnaud Derosiers to third 3-0: Base on Balls
|
|
Batting: RHB Dan Burkhart
|
0-0: Called Strike 0-1: Ball 1-1: Called Strike Dean LeCroy steals 2nd base 1-2: Strikes out swinging
|
|
Batting: RHB Aaron Bryant
|
0-0: Ball 1-0: Ball 2-0: Ball 3-0: Base on Balls
|
|
Pitching: LHP T.J. Westover
|
|
|
Batting: LHB Bill Girton
|
0-0: Ball 1-0: Ball 2-0: Swinging Strike 2-1: Foul Ball, location: 2F 2-2: Strikes out swinging
|
|
Batting: RHB Wilford Harper
|
0-0: Ball 1-0: Foul Ball, location: 2F 1-1: Ball 2-1: Fly out, F8 (Flyball, 8LD, EV 89.4 MPH)
|
| Top of the 7th over - 0 runs, 1 hit, 0 errors, 3 left on base; Los Angeles (NYP) 4 - Tri-City 2 |
| BOTTOM OF THE 7TH |
|
Tri-City ValleyCats batting - Pitching for Los Angeles (NYP) Angels : LHP Si-hun Yi
|
|
Pitching: RHP Eli Mercedes
|
|
|
Batting: RHB Hugo Priego
|
0-0: Foul Ball, location: 2F 0-1: Foul Ball, location: 2F 0-2: Strikes out looking
|
|
Batting: SHB Terciero Ortiz
|
0-0: Called Strike 0-1: Foul Ball, location: 2F 0-2: Ball 1-2: Ball 2-2: Fly out, F8 (Flyball, 8LD, EV 105.6 MPH)
|
|
Batting: LHB Lu-po-teh Zhou
|
0-0: Foul Ball, location: 2F 0-1: Swinging Strike 0-2: Strikes out looking
|
| Bottom of the 7th over - 0 runs, 0 hits, 0 errors, 0 left on base; Los Angeles (NYP) 4 - Tri-City 2 |
| TOP OF THE 8TH |
|
Los Angeles (NYP) Angels batting - Pitching for Tri-City ValleyCats : LHP T.J. Westover
|
|
Batting: SHB Yuya Hirata
|
0-0: Called Strike 0-1: Fly out, F7 (Flyball, 7D, EV 75.6 MPH)
|
|
Batting: RHB Ron Major
|
0-0: Ball 1-0: Called Strike 1-1: Ball 2-1: Foul Ball, location: 2F 2-2: Foul Ball, location: 2F 2-2: Reached on error, E6 (Groundball, 56D, EV 86.9 MPH)
|
|
Batting: RHB Joe Hewitt
|
0-0: SINGLE (Groundball, 6MS, EV 67.5 MPH) (infield hit) Ron Major to third
|
|
Batting: RHB Arnaud Derosiers
|
0-0: Swinging Strike 0-1: Called Strike 0-2: Ball 1-2: Strikes out looking
|
|
Batting: RHB Dean LeCroy
|
0-0: Hit by Pitch Joe Hewitt to second
|
|
Batting: RHB Dan Burkhart
|
0-0: SINGLE (Groundball, 34D, EV 96.2 MPH) Ron Major scores Joe Hewitt to third Dean LeCroy to second
|
|
Batting: RHB Aaron Bryant
|
0-0: Called Strike 0-1: Ball 1-1: Swinging Strike 1-2: Strikes out swinging
|
| Top of the 8th over - 1 run, 2 hits, 1 error, 3 left on base; Los Angeles (NYP) 5 - Tri-City 2 |
| BOTTOM OF THE 8TH |
|
Tri-City ValleyCats batting - Pitching for Los Angeles (NYP) Angels : RHP Eli Mercedes
|
|
Pinch Hitting: LHB Lou Toth
|
0-0: Ground out 4-3 (Groundball, 13, EV 87.5 MPH)
|
|
Batting: RHB Patrick Pinault
|
0-0: Ball 1-0: DOUBLE (Line Drive, 5D, EV 102.5 MPH)
|
|
Batting: RHB Omar Amaya
|
0-0: Called Strike 0-1: Ball 1-1: Fly out, F8 (Flyball, 8LS, EV 81.2 MPH)
|
|
Batting: LHB Wade Girard
|
0-0: Fly out, F7 (Flyball, 78D, EV 90.0 MPH)
|
| Bottom of the 8th over - 0 runs, 1 hit, 0 errors, 1 left on base; Los Angeles (NYP) 5 - Tri-City 2 |
| TOP OF THE 9TH |
|
Los Angeles (NYP) Angels batting - Pitching for Tri-City ValleyCats : LHP T.J. Westover
|
|
Pitching: RHP Hector Carrillo
|
|
|
Now at 3B: Keith Goodwin
|
|
|
Batting: LHB Bill Girton
|
0-0: Ball 1-0: Called Strike 1-1: Foul Ball, location: 2F 1-2: Strikes out looking
|
|
Batting: RHB Wilford Harper
|
0-0: Called Strike 0-1: SINGLE (Groundball, 6MD, EV 97.5 MPH)
|
|
Batting: SHB Yuya Hirata
|
0-0: Ball 1-0: Foul Ball, location: 2F 1-1: Fielders Choice at 2nd, 3-6 (Groundball, 34, EV 82.5 MPH)
|
|
Batting: RHB Ron Major
|
0-0: Called Strike 0-1: Ball 1-1: Called Strike Yuya Hirata steals 2nd base 1-2: Foul Ball, location: 2F 1-2: Ball 2-2: Ball 3-2: Strikes out looking
|
| Top of the 9th over - 0 runs, 1 hit, 0 errors, 1 left on base; Los Angeles (NYP) 5 - Tri-City 2 |
| BOTTOM OF THE 9TH |
|
Tri-City ValleyCats batting - Pitching for Los Angeles (NYP) Angels : RHP Eli Mercedes
|
|
Pitching: RHP Kunihiro Sasaki
|
|
|
Batting: RHB Josh Broome
|
0-0: SINGLE (Groundball, 56D, EV 102.5 MPH)
|
|
Batting: RHB Roger Pelley
|
0-0: SINGLE (Groundball, 56, EV 103.1 MPH) Josh Broome to second
|
|
Batting: RHB Hugo Priego
|
0-0: Ball Wild Pitch! Josh Broome to third Roger Pelley to second 1-0: Ball 2-0: Swinging Strike 2-1: Called Strike 2-2: Ball 3-2: Fly out, F7 (Flyball, 78M, EV 90.0 MPH)
|
|
Batting: SHB Terciero Ortiz
|
0-0: Called Strike 0-1: Swinging Strike 0-2: Strikes out swinging
|
|
Batting: LHB Lu-po-teh Zhou
|
0-0: Foul Ball, location: 2F 0-1: Foul Ball, location: 2F 0-2: Strikes out swinging
|
| Bottom of the 9th over - 0 runs, 2 hits, 0 errors, 2 left on base; Los Angeles (NYP) 5 - Tri-City 2 |
|